 Dungeon Crawl Stone Soup version 0.30-a0-739-gea05faddec (webtiles) character file.

Game seed: 3972116435989392392

105 jimonade the Magician (level 5, -1/35 HPs)
             Began as a Djinni Hedge Wizard on Feb 5, 2023.
             Slain by an orc
             ... wielding a +0 mace
              (2 damage)
             ... on level 2 of the Dungeon.
             The game lasted 00:03:32 (1611 turns).

jimonade the Magician (Djinni Hedge Wizard)         Turns: 1611, Time: 00:03:32

Health: -1/35      AC:  2    Str:  9    XL:     5   Next: 8%
Gold:   53         EV: 12    Int: 24    God:
                   SH:  0    Dex: 12

rFire   + + .      SeeInvis .    a - +4 short sword
rCold   x . .      Faith    .    (no shield)
rNeg    . . .      Spirit   .    n - +0 robe
rPois   ∞          Reflect  .    c - +0 hat
rElec   .          Harm     .    (no cloak)
rCorr   .          Rampage  .    (no gloves)
Will    +....                    (boots unavailable)
Stlth   ++                       (no amulet)
HPRegen 0.25/turn                f - ring of willpower
MPRegen 0.00/turn                k - +6 ring of intelligence

@: flying
A: sickness immunity, fire resistance 2, cold vulnerability 1, float, innate
caster, HP casting, extra vitality 1
a: no special abilities


You were on level 2 of the Dungeon.
You visited 1 branch of the dungeon, and saw 3 of its levels.

You collected 53 gold pieces.

Inventory:

Hand Weapons
 a - a +4 short sword (weapon)
 b - a +0 sling
 o - a +0 short sword of draining
 p - a +0 dagger
Missiles
 h - 3 poisoned darts
Armour
 c - a +0 hat (worn)
 i - a +0 ring mail
 l - a +0 leather armour
 n - a +0 robe (worn)
Jewellery
 f - a ring of willpower (left hand)
 k - a +6 ring of intelligence (right hand)
Scrolls
 g - 3 scrolls of noise {unknown}
 m - a scroll of identify {unknown}
Potions
 d - a potion of magic
 e - 2 potions of curing {unknown}
 j - 3 potions of attraction {unknown}


   Skills:
 + Level 2.5 Dodging
 - Level 1.5 Stealth
 * Level 4.1 Spellcasting


You couldn't memorise any spells.
You knew the following spells:

 Your Spells              Type           Power      Damage    Failure   Level
a - Magic Dart            Conj           96%        1d7       1%          1
b - Slow                  Hex            96%        N/A       1%          1
c - Blink                 Tloc           48%        N/A       2%          2
d - Call Imp              Summ           24%        N/A       2%          2
e - Mephitic Cloud        Conj/Pois/Air  24%        N/A       5%          3
f - Necrotise             Necr           96%        1d8       1%          1
g - Passwall              Tmut/Erth      20%        N/A       2%          2
Your spell library was empty.

Dungeon Overview and Level Annotations

Branches:
Dungeon (3/15)

Altars:
Trog


Innate Abilities, Weirdness & Mutations

You are immune to sickness and miasma.
You are immune to poison.
Your flesh is very heat resistant. (rF++)
You are vulnerable to cold. (rC-)
You float through the air rather than walking.
You learn spells naturally, not from books.
Your magical power is your life essence.
You have superior vitality. (+4 MHP)


Message History

The orc priest mumbles some strange prayers to Beogh against you.
Beogh smites you!
The orc priest mumbles some strange prayers to Beogh against you.
You resist with some effort. The orc hits you with a +0 mace.
* * * LOW HITPOINT WARNING * * *
You fly upwards.
There is a stone staircase leading down here.
Casting: Mephitic Cloud (dangerous; 6% risk of failure)
Confirm with . or Enter, or press ? or * to list all spells.
Aiming: Mephitic Cloud (dangerous; 6% risk of failure)
Press: ? - help, Shift-Dir - straight line, f - orc priest
Aim: an orc priest, wielding a +0 dagger and wearing a +0 ring mail (moderately wounded, chance to affect: 86%)
The ball explodes into a vile cloud!
The stinking cloud engulfs the orc priest but does no damage.
The orc priest is moderately wounded.
The stinking cloud engulfs the orc but does no damage.
The stinking cloud engulfs you but does no damage.
* * * LOW HITPOINT WARNING * * *
The orc priest is engulfed in noxious fumes.
The orc priest appears confused.
The orc closely misses you.
You hit the orc priest but do no damage.
The orc priest is moderately wounded.
The orc priest is engulfed in noxious fumes.
The orc priest appears confused.
The orc priest hits you with a +0 dagger.
* * * LOW HITPOINT WARNING * * *
The orc completely misses you.
You catch the helpless orc priest completely off-guard!
You puncture the orc priest!
You kill the orc priest!
The orc hits you with a +0 mace.
* * * LOW HITPOINT WARNING * * *
Your Spellcasting skill increases to level 4!
You have reached level 5!
The power to cast Passwall wells up from within.
Spell assigned to 'g'.
You hit the orc.
The orc is heavily wounded.
The orc hits you with a +0 mace.
You die...

#.......##...##.# #.#.# #.....
.......###...##.#### #.#.# #....#
.###.####..####....###.#.# #.....
.....###..## ####.....#.###...#.
..........#### ####..#...#.....
#...##....÷÷.########...........#
..####..###...<○°........#......#
### ##.## #...°°o......#.......##
###..# ####.○@....#.........#
##...## #.......###.......##
#..### #####.......###.........
#.## #....)........#......... #.#
#.#.........#........... ##.#
####.#..........###........
#..####.......#######.###........
#.###...###...# #..##..#<....
..##..##.##..## ##.##..#.....


You could see an orc.

Vanquished Creatures
  An orc priest (D:2)
  3 adders
  7 endoplasms
  3 giant cockroaches
  6 goblins
  2 hobgoblins (D:2)
  4 jackals (D:2)
  A quokka (D:2)
  3 ball pythons
  3 bats (D:1)
  2 frilled lizards
  6 kobolds
  5 rats
46 creatures vanquished.

Notes
Turn   | Place    | Note
-------+----------+-------------------------------------------
     0 | D:1      | jimonade the Djinni Hedge Wizard began the quest for the
                  | Orb.
     0 | D:1      | jimonade set off with the following spells memorised: Magic
                  | Dart, Slow, Blink, Call Imp, Mephitic Cloud.
     0 | D:1      | Reached XP level 1. HP: 15/15 MP: 0/0
   188 | D:1      | Reached XP level 2. HP: 15/21 MP: 0/0
   449 | D:1      | Reached skill level 3 in Spellcasting
   641 | D:2      | Reached XP level 3. HP: 3/25 MP: 0/0
   641 | D:2      | Learned a level 1 spell: Necrotise
   872 | D:2      | Found a bloodstained altar of Trog.
  1069 | D:2      | Reached XP level 4. HP: 31/31 MP: 0/0
  1610 | D:2      | HP: 1/31 [orc/+0 mace (1)]
  1611 | D:2      | Reached skill level 4 in Spellcasting
  1611 | D:2      | Reached XP level 5. HP: 1/35 MP: 0/0
  1611 | D:2      | Learned a level 2 spell: Passwall
  1611 | D:2      | Slain by an orc

Illustrated notes

Levels and vault maps discovered:
D:1:      minmay_arrival_diagonal_passages, layout_rooms, minmay_pentomino_s2
D:2:      layout_rooms, basic_altar
D:3:      layout_basic, nrook_uturn, uniq_ijyb

Skill      XL: |  1  2  3  4 |
---------------+-------------+-----
Spellcasting   | 3 4 |  4.1
Dodging        | |  2.5
Stealth        | |  1.5

Action                     |  1- 3 |  4- 6 || total
---------------------------+-------+-------++-------
  Melee: Short sword       |       |    14 ||    14
   Cast: Magic Dart        |    87 |     4 ||    91
         Mephitic Cloud    |       |     5 ||     5
   Stab: Confused          |       |     3 ||     3
 Armour: Robe              |     2 |     3 ||     5
  Dodge: Dodged            |    10 |    19 ||    29

Table legend: (Time is in decaauts)
 A = Elapsed time spent in this place.
 B = Non-inter-level travel time spent in this place.
 C = Inter-level travel time spent in this place.
 D = Time resting spent in this place.
 E = Time spent auto-exploring this place.
 F = Levels seen in this place.
 G = Mean time per level.
                   A        B        C        D        E       F      G
               +--------+--------+--------+--------+--------+-----+--------+
         Total |   1613 |   1528 |     85 |    238 |   1035 |   3 |  537.7 |
       Dungeon |   1613 |   1528 |     85 |    238 |   1035 |   3 |  537.7 |
               +--------+--------+--------+--------+--------+-----+--------+

Top non-repeatable levels by time:
     D:2: 876 daAuts
     D:1: 714 daAuts
     D:3: 23 daAuts
